2865 views
Uploaded 2020-02-28 21:59:12
Game version 1.32.2
4:09 long 3on3 ladder game on (6)TimbermawHold
Saved by BEARAND
2865 views
Uploaded 2020-02-28 21:59:12
Game version 1.32.2
4:09 long 3on3 ladder game on (6)TimbermawHold


39 units @ 2.9k
/ 0k
40 buildings @ 2.8k
/ 0.9k

| Peasant | 14 | 1050 | / | 0 |
| total: | 14 | 1050g | / | 0w |
| Scout Tower | 12 | 360 | / | 240 |
| Guard Tower | 5 | 350 | / | 250 |
| Altar of Kings | 1 | 180 | / | 50 |
| Barracks | 1 | 160 | / | 60 |
| Lumber Mill | 1 | 120 | / | 0 |
| Farm | 2 | 160 | / | 40 |
| total: | 17 | 980g | / | 390w |
| 0:01 | Peasant |
| 0:03 | Altar of Kings |
| 0:10 | Peasant |
| 0:18 | Barracks |
| 0:20 | Peasant |
| 0:29 | Lumber Mill |
| 0:30 | Peasant |
| 0:32 | Farm |
| 0:51 | Peasant |
| 1:05 | Peasant |
| 1:08 | Farm |
| 1:19 | Peasant |
| 1:27 | Peasant |
| 1:40 | Peasant |
| 1:57 | Peasant |
| 2:17 | Peasant |
| 2:31 | Scout Tower |
| 2:57 | Scout Tower |
| 3:00 | Summon Water Elemental |
| 3:00 | Guard Tower |
| 3:04 | Scout Tower |
| 3:06 | Scout Tower |
| 3:07 | Scout Tower |
| 3:09 | Scout Tower |
| 3:10 | Scout Tower |
| 3:11 | Scout Tower |
| 3:12 | Peasant |
| 3:22 | Scout Tower |
| 3:25 | Guard Tower |
| 3:26 | Scout Tower |
| 3:28 | Scout Tower |
| 3:29 | Scout Tower |
| 3:31 | Guard Tower |
| 3:37 | Guard Tower |
| 3:49 | Guard Tower |
| 4:00 | Peasant |
| 4:00 | Peasant |
| Right click | 214 |
| Select | 130 |
| Build/train/purchase | 33 |
| Assign group | 12 |
| Select group | 10 |
| Minimap ping | 3 |

| Healing Salve | 1 | 100 |
| total: | 1 | 100g |
| Peasant | 13 | 975 | / | 0 |
| total: | 13 | 975g | / | 0w |
| Scout Tower | 13 | 390 | / | 260 |
| Arcane Tower | 1 | 70 | / | 50 |
| Guard Tower | 9 | 630 | / | 450 |
| Altar of Kings | 1 | 180 | / | 50 |
| Farm | 2 | 160 | / | 40 |
| Lumber Mill | 1 | 120 | / | 0 |
| total: | 17 | 850g | / | 350w |
| 0:02 | Peasant |
| 0:02 | Peasant |
| 0:07 | Altar of Kings |
| 0:18 | Farm |
| 0:32 | Peasant |
| 0:33 | Peasant |
| 0:36 | Farm |
| 0:54 | Peasant |
| 0:54 | Peasant |
| 1:07 | Lumber Mill |
| 1:17 | Scout Tower |
| 1:23 | Peasant |
| 1:35 | Peasant |
| 1:39 | Scout Tower |
| 1:43 | Scout Tower |
| 1:45 | Scout Tower |
| 1:49 | Arcane Tower |
| 1:51 | Peasant |
| 1:51 | Peasant |
| 1:51 | Peasant |
| 2:05 | Scout Tower |
| 2:07 | Blizzard |
| 2:14 | Healing Salve |
| 2:17 | Guard Tower |
| 2:18 | Guard Tower |
| 2:19 | Scout Tower |
| 2:26 | Scout Tower |
| 2:27 | Peasant |
| 2:28 | Peasant |
| 2:29 | Improved Masonry |
| 2:44 | Guard Tower |
| 3:31 | Guard Tower |
| 3:32 | Scout Tower |
| 3:34 | Scout Tower |
| 3:38 | Guard Tower |
| 3:38 | Guard Tower |
| 3:39 | Scout Tower |
| 3:39 | Scout Tower |
| 3:40 | Scout Tower |
| 3:40 | Scout Tower |
| Right click | 287 |
| Select | 76 |
| Build/train/purchase | 33 |
| Select group | 5 |
| Assign group | 4 |
| Use ability | 4 |

| Lesser Clarity Potion | 2 | 140 |
| Healing Salve | 1 | 100 |
| total: | 3 | 240g |
| Peon | 12 | 900 | / | 0 |
| total: | 12 | 900g | / | 0w |
| Altar of Storms | 1 | 180 | / | 50 |
| Orc Burrow | 2 | 320 | / | 80 |
| War Mill | 1 | 205 | / | 0 |
| Voodoo Lounge | 2 | 260 | / | 60 |
| Stronghold | 1 | 315 | / | 190 |
| total: | 6 | 965g | / | 190w |
| 0:02 | Peon |
| 0:02 | Peon |
| 0:06 | Altar of Storms |
| 0:09 | Orc Burrow |
| 0:11 | Peon |
| 0:46 | Peon |
| 0:49 | War Mill |
| 0:58 | Voodoo Lounge |
| 1:05 | Peon |
| 1:06 | Peon |
| 1:21 | Peon |
| 1:21 | Peon |
| 1:40 | Peon |
| 1:50 | Peon |
| 2:03 | Peon |
| 2:08 | Wind Walk |
| 2:11 | Lesser Clarity Potion |
| 2:11 | Lesser Clarity Potion |
| 2:11 | Healing Salve |
| 2:22 | Voodoo Lounge |
| 2:39 | Peon |
| 3:13 | Stronghold |
| 3:39 | Orc Burrow |
| Right click | 119 |
| Select group | 59 |
| Select | 23 |
| Build/train/purchase | 21 |
| Resource trade | 18 |
| Assign group | 14 |
| Chat | 4 |
| Item give/drop | 1 |
| Esc | 1 |
/ 0.1k
19 buildings @ 2.3k
/ 0.7k

| Peasant | 11 | 825 | / | 0 |
| Footman | 3 | 405 | / | 0 |
| total: | 14 | 1230g | / | 0w |
| Altar of Kings | 1 | 180 | / | 50 |
| Barracks | 1 | 160 | / | 60 |
| Farm | 6 | 480 | / | 120 |
| Blacksmith | 1 | 140 | / | 60 |
| total: | 9 | 960g | / | 290w |
| 0:03 | Peasant |
| 0:12 | Altar of Kings |
| 0:15 | Peasant |
| 0:31 | Peasant |
| 0:39 | Barracks |
| 0:54 | Farm |
| 0:56 | Farm |
| 0:58 | Peasant |
| 1:08 | Peasant |
| 1:28 | Peasant |
| 1:36 | Farm |
| 1:40 | Peasant |
| 2:01 | Peasant |
| 2:06 | Peasant |
| 2:08 | Farm |
| 2:12 | Farm |
| 2:18 | Footman |
| 2:24 | Peasant |
| 2:41 | Footman |
| 2:44 | Peasant |
| 2:48 | Summon Water Elemental |
| 2:55 | Farm |
| 3:10 | Blacksmith |
| 3:32 | Footman |
| Right click | 67 |
| Select | 61 |
| Build/train/purchase | 17 |
| Misc. action | 9 |
| Select group | 3 |
| Assign group | 1 |

| Peasant | 9 | 675 | / | 0 |
| Footman | 2 | 270 | / | 0 |
| Rifleman | 3 | 615 | / | 90 |
| total: | 14 | 1560g | / | 90w |
| Farm | 4 | 320 | / | 80 |
| Altar of Kings | 1 | 180 | / | 50 |
| Barracks | 2 | 320 | / | 120 |
| Blacksmith | 1 | 140 | / | 60 |
| total: | 8 | 960g | / | 310w |
| 0:05 | Peasant |
| 0:07 | Farm |
| 0:10 | Altar of Kings |
| 0:13 | Barracks |
| 0:18 | Peasant |
| 0:38 | Peasant |
| 0:59 | Peasant |
| 1:18 | Footman |
| 1:20 | Peasant |
| 1:34 | Blacksmith |
| 1:37 | Peasant |
| 2:07 | Farm |
| 2:11 | Barracks |
| 2:19 | Storm Bolt |
| 2:45 | Footman |
| 2:49 | Farm |
| 2:50 | Peasant |
| 2:50 | Peasant |
| 3:21 | Peasant |
| 3:24 | Rifleman |
| 3:25 | Rifleman |
| 3:47 | Farm |
| 3:51 | Rifleman |
| Right click | 135 |
| Select | 62 |
| Build/train/purchase | 16 |
| Select group | 12 |
| Minimap ping | 6 |
| Chat | 5 |
| Assign group | 3 |
| Use ability | 3 |
| Misc. action | 1 |
| Peon | 7 | 525 | / | 0 |
| total: | 7 | 525g | / | 0w |
| Barracks | 1 | 180 | / | 50 |
| Orc Burrow | 1 | 160 | / | 40 |
| total: | 2 | 340g | / | 90w |
| 0:25 | Barracks |
| 0:40 | Peon |
| 0:40 | Peon |
| 0:41 | Peon |
| 0:41 | Peon |
| 0:41 | Peon |
| 0:41 | Peon |
| 0:51 | Peon |
| 2:35 | Orc Burrow |
| Select | 14 |
| Right click | 8 |
| Build/train/purchase | 7 |